 Dungeon Crawl Stone Soup version 0.19.0 (webtiles) character file.

146 Danakh the Skirmisher (level 5, -2/41 HPs)
             Began as a Demonspawn Fighter on Nov 13, 2016.
             Slain by Duvessa
             ... wielding a +0 short sword
              (5 damage)
             ... on level 4 of the Dungeon.
             The game lasted 00:10:04 (3424 turns).

Danakh the Skirmisher (Demonspawn Fighter)          Turns: 3424, Time: 00:10:05

Health: -2/41      AC:  8    Str: 15 (17) XL:     5   Next: 7%
Magic:  5/5        EV: 11    Int:  8 (10) God:
Gold:   246        SH:  9    Dex: 16 (17) Spells: 0 memorised, 4 levels left

rFire  . . .     SeeInvis .     a - +1 war axe
rCold  . . .     Gourm    .     b - +0 scale mail
rNeg   . . .     Faith    .     c - +0 shield
rPois  .         Spirit   .     A - +0 helmet
rElec  .         Reflect  .     (no cloak)
rCorr  +         Harm     .     (no gloves)
MR     .....                    (no boots)
Stlth  +.........               (no amulet)
                                (no ring)
                                s - ring of resist corrosion

@: agile
A: talons 1, blurry vision 1, powered by pain 1, spiny 1
a: no special abilities


You were on level 4 of the Dungeon.
You were not hungry.

You visited 1 branch of the dungeon, and saw 4 of its levels.

You collected 246 gold pieces.

Inventory:

Hand Weapons
 a - a +1 war axe (weapon)
Armour
 b - a +0 scale mail (worn)
 c - a +0 shield (worn)
 A - a +0 helmet (worn)
Jewellery
 s - a ring of resist corrosion (left hand)
Scrolls
 j - 2 scrolls of identify
 m - a scroll of immolation
 u - 2 scrolls of fog
Potions
 d - 2 potions of might
 e - a potion of agility
 g - a potion of brilliance
 i - a potion of flight
 w - a potion of berserk rage
Comestibles
 f - 2 bread rations
 h - 3 meat rations
 k - a chunk of flesh
 l - a royal jelly
 r - 8 fruits
 x - a beef jerky


   Skills:
 + Level 3.6 Fighting
 * Level 3.1 Axes
 + Level 3.3 Armour
 + Level 3.5 Shields


You had 4 spell levels left.
You didn't know any spells.

Dungeon Overview and Level Annotations

Branches:
Dungeon (4/15)
 Temple: D:4-7

Altars:

Annotations:
D:4 Dowan, Duvessa


Innate Abilities, Weirdness & Mutations

You have sharp toenails.
You sometimes gain a little power by taking damage.
You are partially covered in sharp spines.
Scrolls take you a little longer to read.


Message History

Dowan says, "Magic and the sword, together, will defeat you."
The ogre hits you with a giant club! Duvessa is struck by your spines.
Duvessa hits you but does no damage.
Unknown command.
You hit Duvessa. Your kick misses Duvessa.
Duvessa is heavily wounded.
You closely miss the ogre. Duvessa is struck by your spines.
Duvessa hits you with a short sword. The ogre is struck by your spines.
The ogre hits you with a giant club.
Dowan says, "Magic and the sword, together, will defeat you."
You block Duvessa's attack.
You hit Duvessa.
Duvessa is severely wounded.
You barely miss the ogre. You block Duvessa's attack.
The ogre is struck by your spines. The ogre hits you with a giant club!!
* * * LOW HITPOINT WARNING * * *
You focus on the pain.
You feel agile all of a sudden. Duvessa hits you with a short sword.
You die...

#)# #...........# ..#
#....[......######### ## ####
#(..................# #. ...#
#.####...#......###.# #.
...####.####...#......###.######.
...+.......+..........).....e†...
...####.####..............######e
...# #........#........##.# #.
.#.# #........##@e.....##.# #.
.#.# #........##O##....##.# #.
...# #..........e.#.#####.# #.
..####............... ..#######
.÷....#####........... ..#<.....
......# ###......... ######.
......# #........ #. ......#
#####..... #. ......# #.


You could see Duvessa, an ogre and Dowan.

Vanquished Creatures
  3 adders
  A gnoll (D:2)
  An ooze (D:2)
  A dart slug (D:3)
  4 leopard geckos
  8 orcs
  3 ball pythons
  7 giant cockroaches
  5 goblins
  13 hobgoblins
  7 jackals
  7 kobolds
  3 quokkas
  8 bats
  5 frilled lizards
  4 rats
80 creatures vanquished.

Notes
Turn   | Place    | Note
-------+----------+-------------------------------------------
     0 | D:1      | Danakh the Demonspawn Fighter began the quest for the Orb.
     0 | D:1      | Reached XP level 1. HP: 18/18 MP: 1/1
   187 | D:1      | Gained mutation: You sometimes gain a little power by taking damage. [demonic ancestry]
   187 | D:1      | Reached XP level 2. HP: 24/24 MP: 2/2
  1076 | D:2      | Gained mutation: You are partially covered in sharp spines. [demonic ancestry]
  1076 | D:2      | Reached XP level 3. HP: 29/29 MP: 3/3
  1409 | D:2      | Reached XP level 4. HP: 29/35 MP: 4/4
  2996 | D:4      | Noticed an ogre
  2997 | D:4      | Noticed Dowan
  2997 | D:4      | Noticed Duvessa
  3000 | D:4      | Gained mutation: You have sharp toenails. [demonic ancestry]
  3000 | D:4      | Reached XP level 5. HP: 41/41 MP: 5/5
  3004 | D:4      | HP: 2/41 [ogre/giant club (21)]
  3351 | D:4      | Gained mutation: Scrolls take you a little longer to read. [potion of mutation]
  3351 | D:4      | Gained mutation: Your magical capacity is low. (-10% MP) [potion of mutation]
  3353 | D:4      | Gained mutation: You evolve. [potion of beneficial mutation]
  3355 | D:4      | Lost mutation: Your magical capacity is low. (-10% MP) [potion of cure mutation]
  3355 | D:4      | Lost mutation: You evolve. [potion of cure mutation]
  3424 | D:4      | Slain by Duvessa

Skill      XL: |  1  2  3  4 |
---------------+-------------+-----
Axes           | 2 3 |  3.1
Shields        | 3 |  3.5
Armour         | 3 |  3.3
Fighting       | |  3.6

Action                   |  1- 3 |  4- 6 || total
-------------------------+-------+-------++-------
Melee: War axe           |   101 |    96 ||   197
       Kick              |       |     4 ||     4
  Use: Potion            |       |     8 ||     8
       Scroll            |       |     7 ||     7
  Eat: Chunk             |     1 |     6 ||     7
       Pizza             |       |     1 ||     1
Armor: Scale mail        |    48 |    38 ||    86
Dodge: Dodged            |    26 |    40 ||    66
Block: Shield            |    52 |    68 ||   120
